 Dungeon Crawl Stone Soup version 0.18-a0-1354-gbc5753f (webtiles) character file.

215 Duffy the Cleaver (level 5, -1/42 HPs)
             Began as a Hill Orc Gladiator on Feb 19, 2016.
             Slain by an orc
             ... wielding a +0 mace
              (4 damage)
             ... on level 6 of the Dungeon.
             The game lasted 00:03:02 (2643 turns).

Duffy the Cleaver (Hill Orc Gladiator)              Turns: 2643, Time: 00:03:02

Health: -1/42      AC:  7    Str: 18    XL:     5   Next: 92%
Magic:  5/5        EV: 11    Int:  8    God:
Gold:   102        SH:  0    Dex: 12    Spells: 0 memorised, 4 levels left

rFire  . . .     SeeInvis .     a - +0 war axe
rCold  . . .     Gourm    .     t - +0 ring mail
rNeg   . . .     Faith    .     (no shield)
rPois  .         Spirit   .     r - +0 helmet
rElec  .         Dismiss  .     s - +0 cloak
rCorr  .         Reflect  .     (no gloves)
SustAt .         Harm     .     (no boots)
MR     .....                    (no amulet)
Stlth  +.........               (no ring)
                                (no ring)

@: drained, not resistant to hostile enchantments, very unstealthy
A: no striking features
a: no special abilities


You were on level 6 of the Dungeon.
You were not hungry.

You visited 1 branch of the dungeon, and saw 4 of its levels.

You collected 102 gold pieces.


   Skills:
 - Level 2.4(2.2) Fighting
 + Level 8.4(8.2) Axes
 - Level 1.7(1.6) Throwing
 - Level 2.4(2.2) Dodging


You had 4 spell levels left.
You didn't know any spells.

Inventory:

Hand Weapons
 a - a +0 war axe (weapon)
Missiles
 d - 3 throwing nets (quivered)
Armour
 b - a +0 leather armour
 c - a +0 helmet
 r - a +0 helmet (worn)
 s - a +0 cloak (worn)
 t - a +0 ring mail (worn)
 w - a +0 chain mail
Scrolls
 g - a scroll of fear {unknown}
 j - a scroll of remove curse {unknown}
 k - a scroll of random uselessness {unknown}
 l - a scroll of identify {unknown}
 m - a scroll of noise {unknown}
 p - a scroll of fog {unknown}
 q - a scroll of amnesia {unknown}
 u - a scroll of recharging {unknown}
Potions
 e - a potion of beneficial mutation {unknown}
 h - a potion of agility {unknown}
 n - 2 potions of mutation {unknown}
 o - a potion of curing {unknown}
 v - a potion of magic {unknown}
Comestibles
 f - 4 bread rations
 i - 3 meat rations
 x - a chunk of flesh

Dungeon Overview and Level Annotations

Branches:
Dungeon (3/15)

Altars:
Trog

Annotations:
D:3 Azzok's ghost, amateur DrTm; Sigmund


Message History

You swing at nothing.
The hound barely misses you.
A phantom comes into view.
You closely miss the hound. The hound barely misses you.
The hound closely misses you.
You closely miss the hound.
The phantom blinks!
The hound bites you.
You closely miss the hound. The hound bites you. The hound barely misses you.
You miss the hound. The hound bites you. x2
An orc comes into view. It is wielding a mace.
The orc shouts!
You slash the hound!
The hound is severely wounded.
The hound bites you but does no damage.
You slash the hound!
You kill the hound!
The orc throws a tomahawk.
The tomahawk hits you.
You swing at nothing.
You swing at nothing.
The orc throws a tomahawk.
The tomahawk barely misses you.
An orc comes into view. It is wielding a whip.
An orc comes into view. It is wielding a club.
You see here a hound corpse.
You closely miss the phantom. The phantom hits you.
The orc throws a tomahawk.
The tomahawk hits you but does no damage.
You see here a tomahawk.
The orc throws a tomahawk.
The tomahawk barely misses you.
The orc throws a tomahawk.
The tomahawk closely misses you.
The phantom hits you but does no damage.
An orc comes into view. It is wielding a mace.
The orc shouts!
The phantom blinks!
The orc closely misses you.
Found a dagger.
The orc hits you with a mace.
You die...

#......~~~~~~......
#......~~~~~~.....
#......~~~~~~...).
#.....o}~~~~}.....
#.................
##................
##..............#
##....ooo.....#
##...W.@....#
##........##
##########


You could see a phantom and 4 orcs.

Action                   |  1- 3 |  4- 6 || total
-------------------------+-------+-------++-------
Melee: War axe           |   116 |   141 ||   257
  Eat: Chunk             |     2 |     4 ||     6

Notes
Turn   | Place    | Note
--------------------------------------------------------------
     0 | D:1      | Duffy the Hill Orc Gladiator began the quest for the Orb.
     0 | D:1      | Reached XP level 1. HP: 18/18 MP: 1/1
   230 | D:1      | Reached XP level 2. HP: 16/25 MP: 2/2
   680 | D:1      | Reached skill level 5 in Axes
   955 | D:1      | Reached XP level 3. HP: 30/30 MP: 3/3
  1211 | D:2      | Reached skill level 6 in Axes
  1296 | D:2      | Found a bloodstained altar of Trog.
  1516 | D:2      | Reached XP level 4. HP: 32/37 MP: 4/4
  2015 | D:2      | Noticed Crazy Yiuf
  2020 | D:2      | Killed Crazy Yiuf
  2020 | D:2      | Reached skill level 7 in Axes
  2194 | D:3      | Reached XP level 5. HP: 31/42 MP: 5/5
  2225 | D:3      | Noticed Azzok's ghost (amateur DrTm)
  2400 | D:3      | Noticed Robin
  2458 | D:3      | Killed Robin
  2465 | D:3      | Reached skill level 8 in Axes
  2596 | D:3      | Noticed Sigmund
  2604 | D:3      | You fall through a shaft for 3 floors!
  2618 | D:6      | Noticed a phantom
  2643 | D:6      | Slain by an orc

Vault maps used:
D:1:      minmay_arrival_stone_box
D:2:      bloody_trog, first_bread, uniq_crazy_yiuf_cottage
D:3:      portal_sewer_entry_a, hangedman_decor_growths, uniq_sigmund,
          uniq_grinder, uniq_robin
D:6:      lemuel_coloured_pillars_altar, kennysheep_big_empty_room,
          dk_noncrumbling_3

Vanquished Creatures
  A hound Crazy Yiuf
  An orc wizard Robin
  4 adders
  A worm
  7 giant geckos
  4 orcs
  4 giant cockroaches
  12 goblins
  10 hobgoblins
  2 quokkas
  A ball python
  2 bats
  4 giant newts
  6 kobolds
  12 rats
73 creatures vanquished.
